[Event "1000GM Memorial Day GM Schev 2023"]
[Site "New York"]
[Date "2023.05.26"]
[Round "1.1"]
[White "Kaliksteyn, Alexander"]
[Black "Sturt, Raven"]
[Result "1/2-1/2"]
[ECO "A21"]
[WhiteElo "2373"]
[BlackElo "2470"]
[Annotator "TA"]
[PlyCount "87"]
[EventDate "2023.05.23"]
[EventType "schev"]
[EventCountry "USA"]
[SourceTitle "playchess.com"]
[Source "ChessBase"]
[SourceQuality "1"]
[TimeControl "5400+30"]

1. c4 f5 2. g3 Nf6 3. Bg2 g6 4. Nc3 Bg7 5. e3 O-O 6. Nge2 e5 7. O-O d6 8. d3 a5 9. Rb1 c6 10. a3 Be6 11. b4 axb4 12. axb4 Nbd7 {was the old line (12...d5). A21: English Opening: 1...e5 2 Nc3.} 13. Bd2 d5 {[#]} 14. cxd5 $146 ({Predecessor:} 14. c5 Bf7 15. Ra1 Rxa1 16. Qxa1 d4 17. exd4 exd4 18. Nxd4 Ne5 19. Nce2 Nxd3 20. Qa7 {1-0 Olsson,L (2296)-Madebrink,L (2259) SWE-chT 1112 2011 (6)}) 14... cxd5 (14... Bxd5 15. Nxd5 cxd5 16. Qb3 $14) 15. f4 (15. Na4 $11 {remains equal.}) 15... e4 $17 16. Nd4 Bf7 17. Ncb5 Nb6 18. Qb3 exd3 19. Qxd3 Nc4 20. Qb3 $2 {[%emt 1:24:44][%mdl 8192] [#]} Nb6 $2 (20... Nxd2 $19 {has better winning chances.} 21. Qc3 Nxf1 22. Bxf1 Qe7) 21. Qd3 Nc4 (21... Ne4 $17 22. Bc3 Nc4) 22. Ra1 (22. Qb3 $1 $11 {was the only way to keep the balance.}) 22... Rc8 23. Na3 Qb6 24. Nac2 Nxd2 25. Qxd2 Ne4 $36 {[%emt 0:00:00][%mdl 2048] Black has strong initiative.} 26. Qd3 Rc3 27. Bxe4 Rxd3 28. Bxd3 Bxd4 29. Nxd4 Qxb4 30. Kf2 (30. Ra2 $17) 30... Re8 (30... Qd2+ $19 31. Be2 Re8) 31. Rfd1 (31. Ra2 $17) 31... Qe7 (31... Qb2+ $19 32. Be2 Qc3) 32. Re1 Rc8 33. Re2 Be8 34. Rb2 Bc6 35. Rb3 Qc5 36. Ne6 {[%emt 0:00:22] [#]} Qd6 37. Nd4 Kf7 38. Ra7 Kf6 (38... Rb8 $17 39. h4 Kg8) 39. Rb6 $1 $11 {[%emt 0:00:46] aiming for Raxb7.} Ke7 ({Better is} 39... Qc7 $1 $11 40. Rxc6+ bxc6 41. Rxc7 Rxc7) 40. Nxc6+ $1 $14 Rxc6 41. Rbxb7+ Kf6 (41... Ke6 $14) 42. Bb5 $18 Qc5 (42... Qb4) 43. Bxc6 $2 ({Only move:} 43. Rf7+ $18 Ke6 44. Rae7+ (44. Bxc6 Qc2+ 45. Kg1 Qd1+ 46. Kg2 Qe2+ 47. Kg1 Qe1+ 48. Kg2 Qe2+ 49. Kh3 Qh5+ 50. Kg2 Qe2+ $11) 44... Kd6 45. Rd7+ (45. Bxc6 Qc2+ 46. Kg1 Qd1+ 47. Kg2 Qe2+ 48. Kh3 Qh5+ 49. Kg2 Qe2+ 50. Kg1 Qe1+ 51. Kg2 Qe2+ $11) 45... Ke6 46. Rfe7+ (46. Bxc6 Qc2+ 47. Kg1 Qd1+ 48. Kg2 Qe2+ 49. Kh3 Qh5+ 50. Kg2 Qe2+ 51. Kg1 Qe1+ 52. Kg2 Qe2+ $11) 46... Qxe7 47. Rxe7+ (47. Bxc6 $2 Qc5 $19) 47... Kxe7 48. Bxc6) 43... Qc2+ $11 44. Kf3 {[%emt 0:00:08] Both players deserved the win here.   Weighted Error Value: White=0.58/Black=0.38} 1/2-1/2

[Event "1000GM Memorial Day GM Schev 2023"]
[Site "New York"]
[Date "2023.05.26"]
[Round "1.2"]
[White "Jacobson, Aaron"]
[Black "Lenderman, Aleksandr"]
[Result "1/2-1/2"]
[ECO "B32"]
[WhiteElo "2280"]
[BlackElo "2572"]
[Annotator "TA"]
[PlyCount "121"]
[EventDate "2023.05.23"]
[EventType "schev"]
[EventCountry "USA"]
[SourceTitle "playchess.com"]
[Source "ChessBase"]
[SourceQuality "1"]
[TimeControl "5400+30"]

1. e4 c5 2. Nf3 Nc6 3. d4 cxd4 4. Nxd4 e5 5. Nb5 d6 6. c4 g6 {[%emt 0:01:57] 6...Be6 is a critical line. B32: Sicilian: Löwenthal and Kalashnikov Variations.} 7. N1c3 {[%emt 0:00:53] And now Nd5 would win.} a6 8. Na3 Be6 {[%emt 0:01:04] White has an edge.} 9. Be3 Nf6 10. f3 {[%emt 0:00:50] Repels Ng4} Bg7 11. Qd2 O-O 12. Nc2 Rc8 {[%emt 0:03:07] [#]} 13. O-O-O $146 ({Predecessor:} 13. Rd1 Ne7 14. Qxd6 Qxd6 15. Rxd6 Bxc4 16. Bxc4 Rxc4 17. Ke2 Nc8 18. Rd3 Re8 19. Rhd1 {1-0 Michalik,P (2566)-Hujbert,F (2399) SVK-chT 2122 2021 (8.1)}) 13... Nd4 14. Nxd4 exd4 15. Bxd4 ({Weaker is} 15. Qxd4 Nd5 $17) 15... Bxc4 16. Bxc4 Rxc4 17. Qd3 b5 18. Kb1 Qa5 19. Ne2 ({Better is} 19. Bxf6 $16 Bxf6 20. Nd5) 19... Rfc8 $14 20. Rc1 (20. Qd2 {simplifies} Qxd2 21. Rxd2 Bh6 22. Rd3) 20... Rxc1+ 21. Rxc1 Rxc1+ 22. Nxc1 Qc7 23. Qc3 Qxc3 24. Bxc3 {[%emt 0:00:53][%mdl 4096] Endgame KBN-KBN} Ne8 (24... Kf8 $14) 25. Kc2 Nc7 26. Kb3 Bh6 27. Nd3 Be3 28. Ba5 Ne6 29. Nb4 $1 Bg1 (29... Nc5+ $16 30. Kc2 Bf4) 30. h4 (30. Nxa6 $18 {Black must now prevent Nc7.} Nd4+ 31. Kc3) 30... Nf4 31. g3 (31. Nxa6 Nxg2 32. Bd8 h5 $11) 31... Ne2 32. Nxa6 Nd4+ {[%emt 0:00:31] [#]} (32... Bf2 $1 $14) 33. Kc3 $1 $16 ({Don't play} 33. Kb4 Bf2 34. Kc3 Nxf3 $15) 33... Nxf3 34. Nc7 (34. Bc7 $142) 34... Bf2 {[%emt 0:00:25] [#] Threatens to win with ...Be1+.} 35. Kd3 $1 {[%emt 0:01:07] Strongly threatening Ke2.} Bxg3 36. Nxb5 Bxh4 37. Bc7 (37. a4 $16) 37... Bf6 $11 38. b3 {[%emt 0:02:11][%mdl 1024] White has compensation.} Ne5+ 39. Ke2 {[%emt 0:00:10][%cal Oa2a4] a4! would be deadly.} Nc6 40. a4 Kf8 41. a5 Ke8 42. a6 ({Much weaker is} 42. Nxd6+ Kd7 43. Nb5 Nb4 $11) 42... Nd4+ (42... Kd7 $11 {keeps the balance.}) 43. Nxd4 $16 Bxd4 44. Bxd6 {[%emt 0:02:47] KB-KB} (44. Bb8 $1 $16) 44... Kd7 $11 {[%emt 0:00:11] The position is equal.} 45. Be5 {[%emt 0:00:03][%mdl 64] Deflection, Promotion} Ba7 (45... Bxe5 $2 46. a7 $18) 46. Kf3 Kc6 47. Kg4 h6 48. Bf4 Kb5 49. Bxh6 Kxa6 50. e5 Bc5 51. Bd2 Be7 52. Bg5 Bb4 53. Be3 Bc3 54. e6 fxe6 55. Kg5 Kb5 56. Kxg6 Kb4 57. Kf7 e5 58. Ke6 Kxb3 59. Kd5 Bd4 60. Bxd4 exd4 61. Kxd4 {[%emt 0:00:58] Weighted Error Value: White=0.16 (very precise) /Black=0.13 (very precise)} 1/2-1/2

[Event "1000GM Memorial Day GM Schev 2023"]
[Site "New York"]
[Date "2023.05.27"]
[Round "2.1"]
[White "Sturt, Raven"]
[Black "Kaliksteyn, Alexander"]
[Result "1-0"]
[ECO "B25"]
[WhiteElo "2470"]
[BlackElo "2373"]
[Annotator "TA"]
[PlyCount "67"]
[EventDate "2023.05.23"]
[EventType "schev"]
[EventCountry "USA"]
[SourceTitle "playchess.com"]
[Source "ChessBase"]
[SourceQuality "1"]
[TimeControl "5400+30"]

1. f4 c5 2. Nf3 Nf6 3. g3 g6 4. Bg2 Bg7 5. O-O O-O 6. d3 Nc6 7. e4 d6 8. h3 Rb8 9. a4 a6 10. Nc3 {[%emt 0:07:18] is the legacy move (10.g4).} b5 {[%emt 0:02:16] B25: Closed Sicilian: 3 g3, lines without early Be3.} 11. axb5 axb5 12. Be3 Nd7 {[%emt 0:10:13] The position is equal.} 13. Rb1 Nd4 14. Ne2 Nxe2+ 15. Qxe2 {[%emt 0:00:07] [#]} Bb7 $146 ({Predecessor:} 15... b4 16. g4 Nb6 17. b3 Ra8 18. Nd2 Ra2 19. Nc4 Bd7 20. Rfd1 Qc7 21. Qf2 Bc6 {0-1 Strobel,F (2042)-Pammer,A (2111) Niederoesterreich Landesliga 0910 2009 (10)}) 16. b4 c4 17. Nd4 cxd3 18. Qxd3 Nf6 19. Nxb5 {[%emt 0:03:00] [#]} ({Much worse is} 19. Qxb5 Nxe4 20. Qd3 Nxg3 $17) 19... Bxe4 $1 20. Bxe4 Nxe4 21. Ba7 {[%emt 0:01:22] [#]} ({Better is} 21. Na7 $11 Nxg3 22. Rf3) 21... Rxb5 $1 $15 {[%emt 0:08:30][%mdl 64] Decoy} 22. Qxb5 Nc3 (22... Nxg3 $17 {[%cal Od8a8] aiming for ...Qa8!} 23. Rf3 Qa8 24. Rxg3 Qxa7+ 25. Kh1 Rc8) 23. Qc6 $11 {[%emt 0:00:46] Rb3 would be deadly.} Nxb1 24. Rxb1 e5 25. b5 exf4 26. gxf4 Qf6 27. Be3 {[%emt 0:03:30] Black must now prevent b6.} Qf5 28. b6 {[%emt 0:03:09] Hoping for b7.} Qxh3 29. Rb3 {[%emt 0:00:38] Threatens to win with b7. Active counter play!} Bd4 $2 30. Bxd4 $18 {[%emt 0:00:57][%mdl 64] Discovered Attack. White is clearly winning.} Qg4+ 31. Kh1 Qd1+ 32. Bg1 d5 33. Qc3 Re8 34. b7 {[%emt 0:01:30] Weighted Error Value: White=0.08 (flawless) /Black=0.15 (very precise)} 1-0

[Event "1000GM Memorial Day GM Schev 2023"]
[Site "New York"]
[Date "2023.05.27"]
[Round "2.2"]
[White "Lenderman, Aleksandr"]
[Black "Jacobson, Aaron"]
[Result "1/2-1/2"]
[ECO "D02"]
[WhiteElo "2572"]
[BlackElo "2280"]
[Annotator "TA"]
[PlyCount "35"]
[EventDate "2023.05.23"]
[EventType "schev"]
[EventCountry "USA"]
[SourceTitle "playchess.com"]
[Source "ChessBase"]
[SourceQuality "1"]
[TimeControl "5400+30"]

1. Nf3 d5 2. g3 g6 3. Bg2 Bg7 4. d4 Nh6 5. O-O Nf5 6. c3 {[%emt 0:00:35][%cal Bc2c3,Bc3c4][%mdl 32] D02: 1 d4 d5 2 Nf3 sidelines, including 2...Nf6 3 g3 and 2...Nf6 3 Bf4.} Nd7 7. Nbd2 Nd6 8. Re1 {[%emt 0:03:24] White is slightly better.} Nf6 {[%emt 0:03:20] [#]} 9. c4 $1 c6 10. b3 {[%emt 0:00:31] [#]} Be6 $146 ({Predecessor:} 10... O-O 11. Bb2 a5 12. a4 Bf5 13. Rc1 Re8 14. Ne5 h5 15. e3 g5 16. c5 Nde4 {1-0 Meier,G (2657)-Bellaiche,A (2499) Biel MTO op 49th 2016 (3)}) 11. Bb2 O-O 12. Rc1 Nfe4 13. Ne5 (13. e3 {simplifies} Nxd2 14. Nxd2 Qd7 15. Nf3) 13... Qa5 14. Nxe4 Nxe4 15. a3 Rfc8 16. b4 ({White should try} 16. Nd3 $14) 16... Qd8 $11 17. Qc2 Nd6 18. c5 {[%emt 0:00:53] Weighted Error Value: White=0.14 (very precise) /Black=0.11 (very precise)} 1/2-1/2

[Event "1000GM Memorial Day GM Schev 2023"]
[Site "New York"]
[Date "2023.05.27"]
[Round "3.1"]
[White "Sturt, Raven"]
[Black "Ostrovskiy, Aleksandr"]
[Result "1-0"]
[ECO "A03"]
[WhiteElo "2470"]
[BlackElo "2394"]
[Annotator "TA"]
[PlyCount "133"]
[EventDate "2023.05.23"]
[EventType "schev"]
[EventCountry "USA"]
[SourceTitle "playchess.com"]
[Source "ChessBase"]
[SourceQuality "1"]
[TimeControl "5400+30"]

1. f4 d5 2. Nf3 Nf6 3. d3 e6 4. g3 b5 5. Bg2 Bb7 6. O-O {[%emt 0:00:29] A03: Bird's Opening with 1...d5.} Bc5+ 7. e3 O-O 8. Qe2 {[%emt 0:01:06] [#] The position is equal.} Bb6 $146 ({Predecessor:} 8... a5 9. Nbd2 a4 10. d4 Bb6 11. Qxb5 c6 12. Qe2 c5 13. Re1 Nc6 14. c3 Qc7 {0-1 Vaassen,J (2204)-Misericordia,A (2156) RA-2016-0-00439}) 9. a4 a6 10. b4 a5 11. axb5 {[%emt 0:00:30] With the idea Bd2.} axb4 12. Rxa8 Bxa8 13. Bb2 {[%emt 0:01:53] Repels d4} c6 14. Nbd2 cxb5 15. Nd4 Nc6 16. N2f3 Qb8 17. Rb1 Re8 18. Nxc6 Bxc6 19. Be5 Qa7 20. Bd4 Bxd4 21. Nxd4 Bd7 22. Rxb4 e5 23. fxe5 (23. Nxb5 $2 Qa5 24. Nd6 Qxb4 $19) 23... Rxe5 24. Bf3 $1 {[%emt 0:00:07] Inhibits Ng4.} (24. Nxb5 $2 Qa5 25. Rb1 Bxb5 $19) 24... h5 25. Kg2 (25. Nxb5 $2 Qa5 26. Qe1 Bxb5 $19) 25... g5 {[%emt 0:04:52] White must now prevent ...g4.} 26. Qf2 ({Of course not} 26. Bxh5 Qa3 27. Nf3 (27. Nxb5 $2 Qxb4 28. Nd4 g4 $19) (27. Rb1 g4 $17) 27... Re7 $17) 26... Qc5 (26... Qa1 $5) 27. Rb1 Qe7 28. Re1 ({Reject} 28. Nxb5 Rxe3 29. Nd4 Qe5 $15) (28. Ra1 $1 $14) 28... b4 (28... g4 $15 29. Bd1 b4) 29. Bd1 Ng4 30. Bxg4 hxg4 31. Qd2 Kh7 32. Re2 Kg6 33. Qe1 (33. Kf2 {seems wilder.} Qd6 34. Re1 Re8 35. Rb1) 33... Kh7 34. Qc1 Kg6 35. Kf2 Qf6+ 36. Ke1 Qb6 37. Qb2 Qd6 38. Kd2 Re8 39. Qa2 Qc5 40. Qa6+ Kg7 (40... f6 $11) 41. Ke1 (41. Rf2 $14 Be6 42. Kd1) 41... Qc3+ 42. Kf2 Qc5 {[%emt 0:01:20] Prevents Qd6.} 43. Qa1 {[%emt 0:02:25] White threatens Ne6+ and mate.} Kg6 (43... Kh6 {is interesting.} 44. Nb3 Qb6 45. Re1 Kg6) 44. Kg2 Qb6 45. Kf2 Qf6+ 46. Ke1 Qb6 47. Kd2 Qc5 48. Nb3 Qb6 49. Qd4 Qxd4 50. Nxd4 $11 {[%emt 0:00:17][%mdl 4096] Endgame KRB-KRN} Rh8 51. Kc1 Ba4 52. Rf2 Bd7 53. Kb2 Re8 54. Kb3 Rb8 55. Rf1 Rh8 56. Rh1 Rb8 57. Ra1 Rh8 {[%emt 0:00:16] [#]} (57... Kf6 $11) 58. Ra6+ $1 $16 (58. Kxb4 Rxh2 59. Kc5 Rg2 $11) 58... f6 $2 {[%emt 0:00:43] [#] This move loses the game for Black.} (58... Be6 $16) 59. Ra7 $1 $18 ({Don't do} 59. Kxb4 $6 Rxh2 60. Kc5 Rh3 $16) 59... Bf5 60. Kxb4 Rxh2 61. Kc5 Rg2 62. Kxd5 Bc8 63. Rc7 Ba6 $2 (63... Rxg3 64. Rxc8 Rxe3) 64. Ke6 {[%emt 0:00:38] White wants to mate with Nf5.} Rxg3 65. Nf5 {[%emt 0:00:04] White mates.} Rh3 66. Rg7+ {[%emt 0:00:07][%mdl 64] Deflection} Kh5 67. Kxf6 {[%emt 0:00:04] Weighted Error Value: White=0.06 (flawless) /Black=0.13 (very precise)} 1-0

[Event "1000GM Memorial Day GM Schev 2023"]
[Site "New York"]
[Date "2023.05.27"]
[Round "3.2"]
[White "Lenderman, Aleksandr"]
[Black "Kaliksteyn, Alexander"]
[Result "1-0"]
[ECO "B55"]
[WhiteElo "2572"]
[BlackElo "2373"]
[Annotator "TA"]
[PlyCount "121"]
[EventDate "2023.05.23"]
[EventType "schev"]
[EventCountry "USA"]
[SourceTitle "playchess.com"]
[Source "ChessBase"]
[SourceQuality "1"]
[TimeControl "5400+30"]

1. e4 c5 2. Nf3 d6 3. d4 cxd4 4. Nxd4 Nf6 5. Bd3 Nc6 6. Be3 {[%emt 0:00:14] B55: Sicilian: 2...d6 3 d4 cxd4 4 Nxd4 Nf6 5 f3.} e5 7. Nxc6 bxc6 8. O-O {[%emt 0:02:24] White has an edge.} Be7 9. c4 O-O 10. Nc3 Be6 11. Qa4 {[%emt 0:04:21] [#]} Ng4 $146 ({Predecessor:} 11... Qc7 12. Rac1 Qb7 13. b3 Rfd8 14. Rfd1 a5 15. h3 Nd7 16. Nd5 Bf8 {0-1 Danielyan,V (2295)-Psyk,R (2411) Warsaw Chess op-A 2022 (3)}) 12. Bd2 Bg5 (12... Qc7 $11) 13. Qd1 (13. Bxg5 $14 Qxg5 14. Be2) 13... Rb8 14. b3 Bxd2 15. Qxd2 Qh4 16. h3 Nf6 17. Qe3 Rb7 18. Rad1 Rd7 19. Be2 Nh5 {[%emt 0:00:00] [#]} (19... Rfd8 $11) 20. Bxh5 $1 $16 Qxh5 21. Rd2 ({White should try} 21. c5 $16) 21... Rfd8 $11 22. Rfd1 g6 23. Rd3 Qh4 24. Na4 Qe7 25. c5 d5 26. exd5 Bxd5 27. Nc3 Qe6 (27... f6 $11 {remains equal.}) 28. b4 $16 f5 29. a4 a6 $1 30. R3d2 (30. Nxd5 $14 cxd5 31. b5) 30... f4 $11 31. Qe1 f3 32. Nxd5 Rxd5 (32... cxd5 $11 {and Black stays safe.} 33. gxf3 Rf8) 33. gxf3 Rxd2 34. Rxd2 {[%emt 0:00:11][%mdl 4096] Endgame KQR-KQR} Rf8 {[%emt 0:00:13] [#]} 35. Kg2 Rf4 36. Rd8+ Kg7 37. Rd6 (37. Qd2 $16) 37... Qf5 38. Qe3 Qg5+ 39. Kh2 Qf5 40. Qd2 Rxf3 41. Rd7+ Kf6 42. Qd6+ Kg5 43. Qe7+ (43. Qxc6 {leads to mate.} Rxf2+) 43... Qf6 (43... Kh5 $5 44. Qxh7+ Kg5 45. Qe7+ Kh5 46. Qh7+ Kg5 47. Qe7+ Kh5 48. Qh7+ $11) 44. Qxf6+ Rxf6 $14 {[%emt 0:00:03] KR-KR} 45. Kg2 {[%emt 0:00:50] White is more active.} (45. Kg3 $16) 45... Rf4 $11 46. Rb7 Rc4 47. a5 $1 ({Don't play} 47. Rxh7 Rxb4 48. Rc7 Rxa4 $11) 47... Kf4 $2 (47... e4 $11 {and Black is okay.}) 48. Rxh7 $18 {[%emt 0:00:19] Threatening mate with Rh4+.} g5 {[%emt 0:00:09] Prevents Rh4+.} (48... Ke4 49. Rc7 Kd5) 49. Rf7+ (49. Rh6 $142) 49... Ke4 50. Rf6 Rxb4 51. Rxc6 Rb5 $2 (51... Kd4 52. Rxa6 Kxc5) 52. Rxa6 {[%emt 0:00:05] Threatens to win with c6.} Rxc5 (52... Kd5 $142 53. Kf3 Rb3+ 54. Kg4 Kxc5) 53. Ra8 {[%emt 0:00:25] Strongly threatening a6.} Rc3 54. a6 Ra3 55. a7 {[%emt 0:00:07] White threatens Kh2 and mate.} Ra1 56. Kg3 Rg1+ 57. Kh2 Ra1 {[%emt 0:00:02] White is clearly winning.} 58. Kg2 Ra3 {[%emt 0:00:46] [#]} 59. f3+ $1 Ke3 60. Kg3 Ra4 61. Re8 {[%emt 0:00:19] Weighted Error Value: White=0.16 (very precise) /Black=0.38} 1-0

[Event "1000GM Memorial Day GM Schev 2023"]
[Site "New York"]
[Date "2023.05.28"]
[Round "4.1"]
[White "Ostrovskiy, Aleksandr"]
[Black "Sturt, Raven"]
[Result "1/2-1/2"]
[ECO "B51"]
[WhiteElo "2394"]
[BlackElo "2470"]
[Annotator "TA"]
[PlyCount "169"]
[EventDate "2023.05.23"]
[EventType "schev"]
[EventCountry "USA"]
[SourceTitle "playchess.com"]
[Source "ChessBase"]
[SourceQuality "1"]
[TimeControl "5400+30"]

1. e4 c5 2. Nf3 d6 3. Bb5+ Nd7 4. a4 Ngf6 5. Nc3 a6 6. Be2 {[%emt 0:01:16] B51: Sicilian: Moscow Variation (3 Bb5+) without 3...Bd7.} g6 7. a5 {[%emt 0:05:48] 7.a5 scores better than 7.0-0.} b5 8. axb6 {[%emt 0:00:18] White is slightly better.} Bb7 9. d3 Bg7 10. O-O O-O 11. Qd2 {[%emt 0:12:30] [#]} (11. Nd2 $14) 11... e6 $146 ({Predecessor:} 11... Nxb6 12. Qg5 c4 13. Qh4 cxd3 14. cxd3 h5 15. d4 Qd7 16. h3 Rfc8 17. Re1 a5 {1-0 Gumularz,S (2539)-Vokhidov,S (2536) Wch Rapid Warsaw 2021 (9)}) 12. Qf4 Ne8 13. Qg3 Nxb6 14. Bg5 Qd7 15. Nd2 Nc7 16. Nc4 (16. h4 $14) 16... Nxc4 17. dxc4 d5 (17... Rfb8 $11) 18. exd5 exd5 19. Na4 {[%emt 0:00:22] White is more active.} Rae8 20. Bf3 Be5 21. Qh4 (21. Nxc5 $2 Qc6 22. Qh4 Qxc5 $19) 21... Ne6 22. Bh6 Bg7 (22... Ng7 $16) 23. Bxg7 $18 (23. Nb6 $6 Qd6 24. Bxg7 (24. Nxd5 Nd4 $14) 24... Kxg7 25. Nxd5 Nd4 $14) 23... Kxg7 24. Bxd5 (24. Nb6 $6 Qd6 25. Nxd5 Nd4 $14) (24. cxd5 $1 $18 {and the rest is easy.} Nd4 25. c4 (25. Nxc5 Nxf3+ 26. gxf3 Qxd5 $11)) 24... Bxd5 $16 25. Nb6 {[%emt 0:00:11][%cal Ba4b6,Bb6d5,Bd5f4][%mdl 96] Discovered Attack} (25. cxd5 Qxd5 26. Nc3 Qf5 $11) 25... Qd6 {[%emt 0:01:54] aiming for ...Bxg2.} 26. Nxd5 Nd4 27. c3 Nb3 28. Rad1 Re2 29. Nf4 Rd2 {[%emt 0:01:16] [#]} 30. Rxd2 (30. Rde1 $1 $16) 30... Nxd2 $11 31. Re1 Rb8 32. Qg5 Ne4 {[%emt 0:06:08][%mdl 64] Deflection, Back Rank} 33. Qh4 $132 {[%emt 0:00:48][%mdl 2048] White is fighting back} (33. Rxe4 $2 Qd1+) 33... Nf6 {[%emt 0:02:54] Against Nd5} 34. h3 Rxb2 35. Qg5 (35. Qg3 $15 {feels stronger.} Rd2 36. Qe3) 35... Qd2 36. Qe5 (36. Re7 $17 Qd1+ 37. Kh2) 36... Qxf2+ $19 37. Kh2 {[%emt 0:00:01] [#]} Kh6 (37... h5 $1 $17 {...a5 is the strong threat.} 38. Ra1 h4) 38. Qxf6 $11 {[%emt 0:01:23] White wants to mate with Re7.} Qxe1 {[%emt 0:00:06][%mdl 4096] Endgame KQR-KQN} 39. Nd3 {[%emt 0:00:20] The board is on fire.} Qd2 40. Nxb2 Qxb2 41. Qxf7 {[%emt 0:00:33] KQ-KQ} Qb8+ 42. Kh1 Qd6 43. Qf3 a5 44. Qa8 Qc7 45. Qe8 Kg5 46. Qb5 Kf4 47. Qe8 Qe5 48. Qa8 (48. Qf7+ $11 Qf5 49. Qe7) 48... Ke3 (48... Qxc3 $17 49. Qd5 (49. Qf8+ $2 Ke4 $19) 49... Qa1+ 50. Kh2 Qd4 51. Qf3+ Ke5) 49. Qf3+ $1 (49. Qxa5 Kf2 50. Qa2+ Qe2 $19) 49... Kd2 {[%emt 0:00:09][%cal Oe5f5] And now ...Qf5! would win.} 50. Qd5+ $1 Qxd5 $1 (50... Kxc3 51. Qxe5+ Kxc4 52. Qe6+ Kc3 53. Qf6+ Kd3 54. Qd6+ Ke4 55. Qe6+ Kd4 56. Qd7+ Ke4 57. Qxh7) 51. cxd5 {[%emt 0:00:01] d6 would kill now. KP-KP} a4 (51... Kxc3 $2 52. d6 $18) 52. d6 {[%emt 0:00:01] Intending d7 and mate.} a3 {[%emt 0:00:03][%cal Oa3a2] ( -> ...a2!)} (52... Kxc3 $2 53. d7 $18) 53. d7 a2 54. d8=Q+ (54. d8=B a1=Q+ 55. Kh2 Qxc3 56. Bg5+ Ke2 57. Bh6 Qe5+ 58. Kg1 Qg3) 54... Kc2 55. Qa5 Kb2 56. Qb5+ Kc2 $1 57. Qe2+ Kb1 58. Qe1+ Kb2 59. Qf2+ Kb3 $1 60. Qf1 {[%emt 0:00:57] White threatens Qa1 and mate.} Kb2 {[%emt 0:00:05] Dodges Qa1+} 61. Qb5+ Kc2 $1 62. Qa6 Kb2 63. Qb7+ Kc2 64. Qa7 Kb2 65. Qb8+ Kc2 66. Qa8 Kb2 67. Qb7+ Kc2 68. Qe4+ Kb2 69. Qe2+ Kb1 70. Qe1+ Kb2 71. Qf2+ Kb3 $1 72. Qg1 Kb2 {[%emt 0:00:00] Prevents Qa1+.} 73. Qxc5 {[%emt 0:00:09] Threatening mate with Qb4+.} a1=Q+ {[%emt 0:05:30] KQ-KQ} 74. Kh2 {[%emt 0:00:07] Hoping for Qf2+.} Qf1 $1 {[%emt 0:00:00] Prevents Qf2+.} 75. Qd4 {[%emt 0:01:11] Threatens to win with c4+.} Kb3 $1 76. Qb4+ Kc2 77. Qd4 {[%emt 0:00:26] Black must now prevent c4.} Kb3 $1 78. Kg3 Qe1+ 79. Kf4 Qf1+ 80. Kg3 Qe1+ 81. Kf4 {[%emt 0:01:02] Qd5+ would be deadly.} Qf1+ 82. Kg3 Qe1+ 83. Qf2 Qxc3+ $2 (83... Qe6 $11) 84. Qf3 h6 85. Kf4 {[%mdl 32768] What a fight!   Weighted Error Value: White=0.15 (very precise) /Black=0.15 (very precise) . An unexpected result.} 1/2-1/2

[Event "1000GM Memorial Day GM Schev 2023"]
[Site "New York"]
[Date "2023.05.28"]
[Round "4.2"]
[White "Kaliksteyn, Alexander"]
[Black "Lenderman, Aleksandr"]
[Result "1/2-1/2"]
[WhiteElo "2373"]
[BlackElo "2572"]
[Annotator "TA"]
[PlyCount "37"]
[EventDate "2023.05.23"]
[EventType "schev"]
[EventCountry "USA"]
[SourceTitle "playchess.com"]
[Source "ChessBase"]
[SourceQuality "1"]
[TimeControl "5400+30"]

1. c4 c5 2. Nf3 b6 3. b3 Bb7 4. Bb2 Nf6 5. Nc3 e6 6. e3 Be7 7. Be2 O-O 8. O-O d5 {[%emt 0:01:42] [#] An uneventful encounter.  A30: Symmetrical English: Double Fianchetto and Hedgehog.} {Predecessor:} 9. d4 $146 cxd4 10. Nxd4 dxc4 11. Bxc4 Nc6 12. Nxc6 Bxc6 13. Qe2 Qc8 14. Rac1 a6 15. e4 Qb7 16. Bd3 Rfd8 17. Rfd1 b5 18. f3 Nd7 19. Qe1 {½-½ Tomashevsky,E (2706)-Kramnik,V (2753) Razuvaev Memorial online blitz 2020 (7)} 1/2-1/2